[Event "XII Lublin Union Memorial 2020"]
[Site "Lublin"]
[Date "2020.11.05"]
[Round "2"]
[White "Szpar, Milosz"]
[Black "Teclaf, Pawel"]
[Result "0-1"]
[ECO "B41"]
[WhiteElo "2449"]
[BlackElo "2477"]
[Annotator "ChessBase"]
[PlyCount "100"]
[EventDate "2020.11.05"]
[EventType "tourn"]
[EventCountry "POL"]
[SourceTitle "playchess.com"]
[Source "ChessBase"]
[SourceQuality "1"]
[TimeControl "40/5400+30:900+30"]

1. e4 c5 2. Nf3 e6 3. d4 cxd4 4. Nxd4 a6 5. c4 Nf6 6. Nc3 Qc7 7. a3 Be7 8. Be3 b6 9. Be2 Bb7 10. f3 O-O 11. Rc1 d6 12. O-O Nbd7 13. b4 Rac8 14. Qd2 Qb8 15. Rc2 Rfe8 16. Rfc1 Bd8 17. Kh1 Bc7 18. Bf1 d5 19. cxd5 Bxh2 20. Nc6 Bxc6 21. dxc6 Rxc6 22. Bxa6 Rd8 23. g4 Be5 24. Ne2 Nf8 25. Rxc6 Rxd2 26. Bxd2 Qa8 27. Bb5 Qxa3 28. Kg2 h6 29. Rc8 g5 30. R1c2 Kg7 31. Nc1 Ng6 32. Nd3 Qb3 33. Kf2 h5 34. gxh5 Bd4+ 35. Ke2 Nxh5 36. Bxg5 Ne5 37. Nxe5 Ng3+ 38. Kd1 Bxe5 39. Be2 Qxb4 40. Bh4 Qd4+ 41. Rd2 Qg1+ 42. Kc2 Bf4 43. Bxg3 Qxg3 44. Rc3 Qe1 45. Rcd3 Qa1 46. Bd1 Qa2+ 47. Kc1 b5 48. Bc2 b4 49. Rb3 Qa7 50. Bb1 Qf2 0-1

[Event "XII Lublin Union Memorial 2020"]
[Site "Lublin"]
[Date "2020.11.08"]
[Round "5.1"]
[White "Szpar, Milosz"]
[Black "Czernek, Tymon"]
[Result "1-0"]
[ECO "B50"]
[WhiteElo "2449"]
[BlackElo "2359"]
[Annotator "ChessBase"]
[PlyCount "115"]
[EventDate "2020.11.05"]
[EventType "tourn"]
[EventCountry "POL"]
[SourceTitle "playchess.com"]
[Source "ChessBase"]
[SourceQuality "1"]
[TimeControl "40/5400+30:900+30"]

1. e4 c5 2. Nf3 d6 3. c3 Nf6 4. h3 g6 5. Bd3 Bg7 6. Bc2 O-O 7. d4 e6 8. O-O Nc6 9. Re1 b5 10. Nbd2 b4 11. Nf1 bxc3 12. bxc3 cxd4 13. cxd4 Nb4 14. Bb1 Nd7 15. Bg5 Qc7 16. Qd2 Rb8 17. Ne3 Ba6 18. a3 Nc6 19. Ba2 Nf6 20. Ng4 Nxg4 21. hxg4 Rfc8 22. Rac1 Qb6 23. d5 Nd8 24. Bxd8 Qxd8 25. dxe6 Rb2 26. exf7+ Kf8 27. Qd5 Qb6 28. Rxc8+ Bxc8 29. Rf1 Bf6 30. e5 dxe5 31. g5 Bb7 32. Nxe5 Bxd5 33. Nd7+ Ke7 34. f8=Q+ Kxd7 35. Bxd5 Be7 36. Qf7 Rb1 37. Bc6+ Kd6 38. Qf4+ Kc5 39. Qe5+ Kxc6 40. Qe4+ Kd7 41. Rxb1 Qc5 42. Rb7+ Ke8 43. Qa4+ Kf8 44. Qf4+ Kg8 45. Qb8+ Bf8 46. Qc7 Qxc7 47. Rxc7 Bxa3 48. Rxa7 Bc1 49. Ra5 Kf7 50. g3 h6 51. gxh6 Bxh6 52. Ra6 Bg7 53. Kg2 Bf6 54. f4 g5 55. f5 Be7 56. Kf3 Bf6 57. Rxf6+ Kxf6 58. Kg4 1-0

[Event "XII Lublin Union Memorial 2020"]
[Site "Lublin"]
[Date "2020.11.08"]
[Round "5.2"]
[White "Sliwicka, Alicja"]
[Black "Pacan-Milej, Kosma"]
[Result "0-1"]
[ECO "B32"]
[WhiteElo "2311"]
[BlackElo "2423"]
[Annotator "ChessBase"]
[PlyCount "112"]
[EventDate "2020.11.05"]
[EventType "tourn"]
[EventCountry "POL"]
[SourceTitle "playchess.com"]
[Source "ChessBase"]
[SourceQuality "1"]
[TimeControl "40/5400+30:900+30"]

1. e4 c5 2. Nf3 Nc6 3. d4 cxd4 4. Nxd4 e5 5. Nb5 d6 6. c4 Be6 7. N1c3 a6 8. Na3 g6 9. Be2 Bg7 10. Be3 Nf6 11. Qd2 O-O 12. Nc2 Rc8 13. f3 Nh5 14. O-O Nf4 15. Nd5 Nxe2+ 16. Qxe2 b5 17. Bb6 Qd7 18. cxb5 Bxd5 19. exd5 Ne7 20. bxa6 Nxd5 21. Bf2 Nf4 22. Qd2 d5 23. b4 Qb5 24. Nd4 Qxa6 25. b5 Qf6 26. Ne2 Nxe2+ 27. Qxe2 e4 28. Rab1 Rfe8 29. fxe4 dxe4 30. b6 Qc6 31. Be3 Be5 32. Rfd1 Rb8 33. Qb5 Qf6 34. Qe2 Bf4 35. Bxf4 Qxf4 36. a4 Re5 37. Rb4 Qf6 38. Qe3 Rf5 39. Rdb1 Qc6 40. Rxe4 Rc5 41. Reb4 Rc2 42. Rg4 Re8 43. Qd4 Ree2 44. Kf1 Rf2+ 45. Qxf2 Rxf2+ 46. Kg1 Rc2 47. Rb5 Rc1+ 48. Kf2 Qf6+ 49. Ke3 Qe6+ 50. Kd2 Qe1+ 51. Kd3 Rc3+ 52. Kd4 Qe3+ 53. Kd5 Qe6+ 54. Kd4 Rc4+ 55. Kd3 Qxg4 56. b7 Qe4+ 0-1

[Event "XII Lublin Union Memorial 2020"]
[Site "Lublin"]
[Date "2020.11.08"]
[Round "5.3"]
[White "Dziuba, Marcin"]
[Black "Nasuta, Grzegorz"]
[Result "1/2-1/2"]
[ECO "D45"]
[WhiteElo "2596"]
[BlackElo "2535"]
[Annotator "ChessBase"]
[PlyCount "160"]
[EventDate "2020.11.05"]
[EventType "tourn"]
[EventCountry "POL"]
[SourceTitle "playchess.com"]
[Source "ChessBase"]
[SourceQuality "1"]
[TimeControl "40/5400+30:900+30"]

1. d4 d5 2. c4 c6 3. Nc3 Nf6 4. e3 e6 5. Nf3 Nbd7 6. Qc2 Bd6 7. Bd3 O-O 8. O-O dxc4 9. Bxc4 b5 10. Be2 Bb7 11. e4 e5 12. dxe5 Nxe5 13. Nd4 Neg4 14. g3 Bc5 15. Nf5 Re8 16. Bf4 Nxf2 17. Rxf2 Bxf2+ 18. Kxf2 b4 19. e5 bxc3 20. exf6 Qxf6 21. g4 cxb2 22. Rb1 Bc8 23. Qxb2 Bxf5 24. Qxf6 Rxe2+ 25. Kxe2 Bxg4+ 26. Kf2 gxf6 27. Rg1 h5 28. h3 f5 29. hxg4 fxg4 30. Rh1 Rd8 31. Rxh5 Rd3 32. Rg5+ Kh7 33. Rxg4 Ra3 34. Be5 Rxa2+ 35. Kg3 Ra5 36. Bf6 Rf5 37. Bd4 f6 38. Kh4 a5 39. Bc3 a4 40. Rxa4 Kg6 41. Rc4 c5 42. Bd2 Rh5+ 43. Kg4 Rd5 44. Be3 Re5 45. Kf3 Rf5+ 46. Kg3 Re5 47. Bxc5 Rg5+ 48. Kf3 Rf5+ 49. Ke2 Re5+ 50. Be3 Ra5 51. Rc6 Rd5 52. Bd2 Re5+ 53. Kd3 Rd5+ 54. Kc2 Rf5 55. Bc3 Rf3 56. Kd2 Kf7 57. Ke2 Rf4 58. Ke3 Rf1 59. Ke4 Rf2 60. Bd4 Rf1 61. Kd5 Rd1 62. Rxf6+ Ke7 63. Rf2 Kd7 64. Rf7+ Kd8 65. Rh7 Rd2 66. Ke5 Kc8 67. Bc5 Rd7 68. Rh2 Kc7 69. Bb4 Rd1 70. Rc2+ Kd7 71. Ba5 Ra1 72. Rc7+ Kd8 73. Ra7+ Kc8 74. Kd6 Kb8 75. Ra6 Kb7 76. Rb6+ Ka7 77. Rb5 Ka6 78. Rb8 Rxa5 79. Kc6 Ka7 80. Rb7+ Ka8 1/2-1/2

[Event "XII Lublin Union Memorial 2020"]
[Site "Lublin"]
[Date "2020.11.08"]
[Round "5.4"]
[White "Teclaf, Pawel"]
[Black "Ovsejevitsch, Sergei"]
[Result "1/2-1/2"]
[ECO "C67"]
[WhiteElo "2477"]
[BlackElo "2587"]
[Annotator "ChessBase"]
[PlyCount "60"]
[EventDate "2020.11.05"]
[EventType "tourn"]
[EventCountry "POL"]
[SourceTitle "playchess.com"]
[Source "ChessBase"]
[SourceQuality "1"]
[TimeControl "40/5400+30:900+30"]

1. e4 e5 2. Nf3 Nc6 3. Bb5 Nf6 4. O-O Nxe4 5. Re1 Nd6 6. Nxe5 Be7 7. Bf1 O-O 8. d4 Nf5 9. Nxc6 dxc6 10. c3 c5 11. dxc5 Qxd1 12. Rxd1 Bxc5 13. Nd2 Re8 14. Nf3 h6 15. Bf4 Bb6 16. h3 Be6 17. g4 Ne7 18. Nd4 Bd5 19. Nb5 Bf3 20. Rd3 Be4 21. Rd2 Ng6 22. Bxc7 Nh4 23. Be2 Bf3 24. Bxb6 Bxe2 25. Nd4 Bxg4 26. hxg4 axb6 27. f3 Ng6 28. Kf2 Re5 29. Nf5 h5 30. Kg3 hxg4 1/2-1/2